Map: Romanticide LE

Players

Scarlett - Winner!

  • Race: Zerg Zerg

MaSa

  • Race: Terran Terran

Event: DreamHack SC2 Masters 2021 Winter

VOD

Have the link to the VOD?

Description

Time

  • Played on: Oct. 5, 2021, 5:34 p.m.
  • Length: 12:43

All games in this series

Show
View Real Time Build Order
Export as new Build Order

Scarlett Zerg - Winner!

Build Orders: Hatch First 

Get SALT Encoding   

  12  0:00  Drone  
  13  0:12  Overlord  
  13  0:18  Drone  
  14  0:30  Drone  
  14  0:31  Drone  
  16  0:48  Hatchery  
  15  0:51  Drone  
  15  0:53  Drone  
  17  0:57  Drone  
  18  1:08  Extractor  
  17  1:12  Spawning Pool  
  17  1:15  Drone  
  17  1:19  Drone  
  18  1:27  Drone  
  19  1:38  Drone  
  20  1:49  Drone  
  21  2:00  Queen x2  
  25  2:01  Zergling x2  
  26  2:10  Drone  
  26  2:12  Drone, Overlord  
  28  2:21  Hatchery  
  27  2:23  Drone  
  28  2:31  Drone  
  28  2:32  Drone x2  
  31  2:38  Metabolic Boost  
  31  2:42  Queen  
  33  2:47  Overlord  
  33  2:52  Drone  
  33  2:53  Drone  
  33  2:54  Drone  
  36  3:04  Overlord  
  36  3:09  Drone x4  
  40  3:16  Queen  
  40  3:19  Queen  
  44  3:26  Drone x2  
  46  3:28  Overlord  
  46  3:31  Drone  
  46  3:33  Queen  
  49  3:36  Drone  
  49  3:37  Drone  
  51  3:44  Drone x4  
  55  3:50  Extractor  
  55  3:52  Drone, Baneling Nest  
  55  3:55  Drone x3  
  57  4:02  Overlord  
  56  4:03  Drone x3  
  56  4:06  Queen  
  61  4:12  Queen  
  61  4:15  Overlord  
  63  4:17  Overlord  
  63  4:23  Drone x5  
  68  4:29  Zergling x6  
  68  4:30  Zergling x2  
  72  4:33  Lair  
  72  4:37  Spore Crawler  
  71  4:39  Spore Crawler  
  71  4:42  Spore Crawler  
  71  4:43  Queen  
  71  4:45  Drone  
  71  4:46  Drone x2  
  71  4:52  Overlord  
  74  4:53  Drone  
  74  4:54  Drone x3  
  74  4:56  Extractor  
  77  5:02  Zergling x12  
  77  5:05  Queen  
  85  5:07  Overlord  
  85  5:14  Drone x2, Evolution Chamber  
  87  5:15  Zergling x2, Evolution Chamber  
  87  5:20  Zergling x2  
  87  5:21  Baneling x9  
  87  5:31  Drone x4  
  89  5:38  Queen x2  
  90  5:47  Zerg Ground Armor Level 1, Zergling x10, Zerg Melee Weapons Level 1  
  90  5:48  Zergling x4  
  97  5:53  Baneling x5  
  97  6:02  Zergling x2  
  97  6:03  Zergling x8  
  95  6:07  Hatchery  
  93  6:11  Queen  
  93  6:13  Queen, Centrifugal Hooks  
  93  6:24  Queen  
  93  6:28  Overlord x4  
  93  6:29  Zergling x4  
  93  6:30  Zergling x4  
  97  6:35  Baneling x4  
  97  6:38  Overlord  
  97  6:42  Baneling x3  
  97  6:47  Drone  
  97  6:48  Zergling x12  
  104  6:55  Hatchery  
  104  6:58  Zergling x14  
  104  7:00  Queen  
  112  7:02  Queen  
  112  7:05  Queen  
  112  7:21  Zergling x18  
  114  7:23  Baneling x9  
  114  7:25  Zergling x2  
  114  7:26  Zergling x6  
  113  7:32  Queen  
  113  7:35  Queen  
  117  7:43  Zerg Ground Armor Level 2, Zerg Melee Weapons Level 2  
  117  7:49  Drone  
  117  7:50  Drone x7  
  125  8:03  Baneling x7  
  123  8:06  Drone x2  
  123  8:07  Zergling x16  
  125  8:28  Drone x13  
  125  8:29  Overlord x2  
  125  8:33  Infestation Pit  
  125  8:34  Extractor  
  136  8:37  Drone x3  
  136  8:39  Zergling x4, Spore Crawler  
  136  8:40  Spore Crawler  
  136  8:41  Baneling x6  
  137  8:44  Overseer  
  135  8:51  Drone x4  
  137  8:56  Spore Crawler  
  137  8:57  Spore Crawler  
  137  8:58  Zergling x18  
  137  9:01  Overseer  
  144  9:03  Pneumatized Carapace  
  144  9:04  Drone  
  144  9:05  Drone  
  144  9:07  Drone  
  147  9:12  Spore Crawler  
  145  9:17  Zergling x22  
  156  9:25  Hive  
  156  9:31  Drone x4, Extractor x2  
  155  9:33  Overlord  
  155  9:34  Overlord x4  
  152  9:48  Drone  
  152  9:49  Drone x11  
  152  9:51  Extractor x2  
  140  9:57  Baneling x14  
  140  9:58  Baneling  
  131  10:04  Zergling x24  
  131  10:05  Baneling x4  
  140  10:08  Drone x3  
  140  10:16  Zergling x10  
  140  10:17  Zergling x6  
  148  10:22  Baneling x9  
  148  10:29  Drone x2  
  148  10:32  Zergling x20  
  152  10:42  Zergling x14  
  155  10:46  Ultralisk Cavern, Adrenal Glands  
  155  10:49  Drone x2  
  155  10:50  Extractor x2  
  155  10:52  Drone x3  
  155  10:53  Drone x3  
  155  10:54  Drone  
  155  10:55  Drone, Zergling x2  
  155  10:57  Drone  
  163  11:04  Zergling x12  
  163  11:08  Overseer, Overlord  
  163  11:09  Overlord  
  169  11:11  Baneling x4  
  169  11:12  Baneling x4  
  169  11:15  Baneling x3  
  169  11:16  Zergling x16  
  176  11:29  Baneling x8  
  176  11:31  Zergling x20  
  186  11:34  Hatchery  
  186  11:35  Hatchery  
  184  11:42  Zergling x2  
  184  11:43  Zergling x12  
  184  11:44  Baneling x8  
  177  12:10  Zergling x16  
  177  12:11  Zergling x16  
  176  12:21  Zergling x12  
Show
View Real Time Build Order
Export as new Build Order

MaSa Terran 

Build Orders: Command Center First (CC) 

Get SALT Encoding   

  12  0:00  SCV  
  13  0:12  SCV  
  14  0:17  Supply Depot  
  14  0:24  SCV  
  15  0:38  SCV  
  16  0:50  SCV  
  17  0:59  Command Center  
  17  1:03  SCV  
  18  1:12  Barracks  
  18  1:15  SCV  
  19  1:26  Barracks  
  19  1:28  SCV  
  20  1:35  Refinery  
  20  1:40  SCV  
  20  1:45  Refinery  
  21  1:53  SCV  
  22  1:59  Marine  
  23  2:05  Orbital Command  
  23  2:12  Orbital Command  
  23  2:21  Barracks Tech Lab  
  23  2:22  Barracks Reactor  
  23  2:32  Supply Depot  
  23  2:33  SCV  
  24  2:39  Stimpack  
  24  2:41  Marine  
  25  2:44  SCV  
  25  2:48  SCV  
  27  2:58  Factory  
  27  2:59  Marine x2  
  27  3:01  SCV  
  27  3:02  SCV  
  27  3:03  Marine  
  32  3:13  SCV  
  32  3:14  SCV  
  32  3:17  Marine x2  
  36  3:21  Marine  
  36  3:25  SCV  
  36  3:26  SCV, Barracks  
  39  3:31  Supply Depot  
  39  3:35  Marine x2  
  39  3:37  SCV  
  39  3:38  SCV  
  39  3:39  Marine  
  44  3:44  Starport  
  44  3:46  Factory Reactor  
  44  3:50  SCV  
  44  3:52  Marine  
  44  3:53  Marine  
  47  3:57  Marine  
  47  3:58  Supply Depot  
  47  3:59  SCV  
  49  4:06  Supply Depot, SCV  
  50  4:11  SCV  
  50  4:14  Marine  
  52  4:17  Barracks Reactor  
  52  4:18  SCV  
  52  4:20  Barracks Reactor  
  52  4:23  Supply Depot  
  53  4:27  Medivac x2  
  53  4:28  SCV  
  58  4:32  Marine  
  58  4:34  SCV  
  58  4:37  Hellion x2, Combat Shield  
  64  4:41  SCV  
  64  4:43  Refinery  
  65  4:46  SCV  
  65  4:48  Supply Depot  
  65  4:50  Marine  
  67  4:57  Armory  
  67  4:58  Hellion x2, SCV  
  67  4:59  SCV  
  73  5:06  Supply Depot  
  73  5:09  Marine  
  73  5:10  SCV, Marine x2  
  73  5:11  SCV  
  78  5:19  Refinery  
  78  5:20  Marine x2  
  80  5:22  SCV  
  80  5:23  Hellion, SCV  
  80  5:27  Marine x2  
  86  5:30  Hellion  
  86  5:34  SCV  
  88  5:37  SCV  
  88  5:39  Marine x3  
  88  5:40  Medivac  
  90  5:44  Hellion  
  90  5:46  SCV  
  93  5:51  Supply Depot  
  93  5:54  Marine  
  93  5:56  Marine  
  94  5:59  Medivac, Marine  
  81  6:07  SCV, Command Center  
  81  6:10  SCV  
  83  6:18  Medivac  
  84  6:19  SCV  
  84  6:22  SCV  
  85  6:27  Engineering Bay, Marine  
  85  6:28  Engineering Bay, Marine x2  
  85  6:31  SCV  
  85  6:32  Widow Mine  
  93  6:35  Widow Mine  
  93  6:37  Liberator, SCV  
  97  6:43  SCV  
  97  6:46  Marine  
  99  6:47  Marine x3  
  99  6:53  Supply Depot  
  102  7:01  Terran Infantry Weapons Level 1  
  102  7:05  Terran Infantry Armor Level 1  
  102  7:12  Marine  
  102  7:13  Marine  
  102  7:14  SCV, Marine x2  
  102  7:15  Widow Mine x2, SCV, Marine  
  101  7:26  SCV  
  101  7:27  SCV  
  96  7:30  Marine  
  96  7:31  Marine  
  96  7:32  Marine x2  
  96  7:33  Marine  
  100  7:38  SCV, Command Center  
  100  7:39  SCV  
  102  7:52  Supply Depot  
  102  7:55  Supply Depot  
  102  8:00  SCV x2  
  102  8:03  Marine x2  
  102  8:04  Supply Depot  
  102  8:05  Marine x2  
  102  8:09  Barracks  
  102  8:11  Barracks  
  102  8:13  SCV, Marine  
  102  8:14  Widow Mine x2  
  105  8:20  Marine x2  
  105  8:21  Medivac x2  
  104  8:29  Supply Depot  
  104  8:30  Supply Depot  
  104  8:44  Bunker  
  104  8:50  Widow Mine, SCV x2, Marine x5  
  104  8:53  Medivac x2  
  117  8:59  Terran Infantry Weapons Level 2  
  117  9:02  SCV  
  118  9:03  Barracks Reactor x2  
  118  9:07  Terran Infantry Armor Level 2, Marine x2  
  118  9:09  SCV  
  121  9:11  Marine  
  121  9:12  Marine  
  121  9:14  SCV  
  124  9:20  Factory  
  124  9:21  SCV  
  124  9:23  Marine  
  126  9:25  Marine x2  
  126  9:27  Supply Depot, SCV  
  126  9:31  Orbital Command  
  129  9:32  Marine x2  
  130  9:40  Marine x2  
  130  9:41  Marine  
  130  9:43  Marauder, Marine  
  116  9:53  Marine x2  
  116  9:54  Marine x2  
  116  9:56  SCV x3  
  116  9:58  Marine x3  
  103  10:01  Marine  
  103  10:05  Marauder  
  102  10:07  Widow Mine x2  
  102  10:08  SCV  
  102  10:10  SCV  
  102  10:11  Marine x4  
  102  10:13  Medivac  
  103  10:15  SCV  
  103  10:16  Marine x2  
  103  10:20  SCV, Marine x2  
  109  10:24  SCV  
  109  10:28  Factory Tech Lab  
  110  10:29  Widow Mine  
  110  10:30  Medivac  
  110  10:34  Marine  
  110  10:35  Marauder, Marine x2  
  115  10:37  Marine  
  111  10:43  Medivac  
  111  10:44  Marine x2  
  111  10:46  Marine x2  
  116  10:51  SCV x2  
  116  10:52  Widow Mine, Marine  
  116  10:53  Widow Mine  
  116  10:56  Command Center  
  123  10:57  Widow Mine  
  123  11:00  Medivac  
  123  11:01  Marauder, Marine x3  
  132  11:04  Marine  
  132  11:05  Marine  
  132  11:07  Concussive Shells  
  132  11:09  SCV x2  
  132  11:10  SCV  
  137  11:13  Medivac  
  137  11:14  Widow Mine  
  141  11:19  Supply Depot x2  
  141  11:20  Supply Depot  
  141  11:29  Supply Depot  
  141  11:39  Barracks  
  141  11:40  Marine x8  
  141  11:41  Marauder, Widow Mine x2  
  141  11:44  SCV  
  156  11:48  Sensor Tower  
  156  11:51  Medivac  
  158  11:58  Marine x6  
  162  12:02  Marauder  
  162  12:05  Marine  
  162  12:06  Marine  
  138  12:16  Marine x5  
  138  12:17  Marine  

Tags
 
Add a new tag
Caveats
  • Supply blocks, unpowered buildings, or Contaminate may cause inaccurate times.
  • Supply counts are checked every 10 seconds.